 Dungeon Crawl Stone Soup version 0.30-b1-2-g02819fbbbe (webtiles) character file.

Game seed: 15243573192593974096

1577 Arcadio the Cleaver (level 8, 0/75 HPs)
             Began as a Minotaur Monk on May 12, 2023.
             Succumbed to a hornet's poison
             ... on level 5 of the Dungeon.
             The game lasted 00:06:28 (4430 turns).

Arcadio the Cleaver (Minotaur Monk)                 Turns: 4430, Time: 00:06:29

Health: 0/75       AC:  8    Str: 25    XL:     8   Next: 60%
Magic:  7/7        EV: 12    Int:  7    God:
Gold:   144        SH:  0    Dex: 12    Spells: 7/7 levels left

rFire   . . .        a - +0 hand axe
rCold   . . .        d - orb {light}
rNeg    . . .        e - +1 scale mail
rPois   .            (helmet restricted)
rElec   .            (no cloak)
rCorr   .            (no gloves)
SInv    .            (no boots)
Will    .....        (no amulet) Stlth
                     f - ring of wizardry
HPRegen 0.32/turn    g - +6 ring of strength
MPRegen 0.10/turn

%: wizardry (x1)
@: brilliant, lethally poisoned (0 -> -16), slowed, glowing, very slow
A: horns 2, retaliatory headbutt
a: no special abilities


You were on level 5 of the Dungeon.
You visited 1 branch of the dungeon, and saw 5 of its levels.
You also visited: Sewer.

You collected 144 gold pieces.

Inventory:

Hand Weapons
 a - a +0 hand axe (weapon)
 v - a +3 dire flail of protection
Missiles
 h - a throwing net (quivered)
Armour
 b - a +0 robe
 d - an orb of light (worn)
 e - a +1 scale mail (worn)
Jewellery
 f - a ring of wizardry (left hand)
 g - a +6 ring of strength (right hand)
 p - a ring of wizardry
Wands
 y - a wand of quicksilver (9)
Scrolls
 j - 2 scrolls of amnesia
 k - 2 scrolls of enchant weapon {unknown}
 l - 2 scrolls of fog
 n - 2 scrolls of fear {unknown}
 q - 3 scrolls of teleportation
 s - a scroll of noise {unknown}
 x - a scroll of enchant armour
Potions
 c - 2 potions of ambrosia
 o - a potion of invisibility
 t - a potion of haste
 u - a potion of brilliance
 w - 2 potions of mutation {unknown}


   Skills:
 + Level 8.3 Fighting
 + Level 8.4 Axes
 + Level 4.2 Armour
 - Level 6.3 Dodging


You had 7 spell levels left.
You didn't know any spells.
Your spell library contained the following spells:

 Spells                   Type           Power      Damage    Failure   Level
 Apportation              Tloc           0%         N/A       38%         1
 Necrotise                Necr           0%         1d4       38%         1
 Summon Small Mammal      Summ           0%         N/A       38%         1
 Ensorcelled Hibernation  Hex/Ice        0%         N/A       52%         2
 Passwall                 Tmut/Erth      0%         N/A       52%         2
 Swiftness                Air            0%         N/A       75%         3


Dungeon Overview and Level Annotations

Branches:
Dungeon (5/15) Zot: 26760   Sewer (visited)
 Temple: D:4-7

Altars:
Qazlal
Vehumet


Innate Abilities, Weirdness & Mutations

You have a pair of horns on your head.
You reflexively headbutt those who attack you in melee.


Message History

You feel as though you will be slow longer.
The hornet barely misses you.
You hit the hornet.
You headbutt the hornet, but do no damage.
The hornet is heavily wounded.
You feel sick. The hornet stings you.
You feel as though you will be slow longer.
The hornet stings you.
You are more poisoned.
You feel as though you will be slow longer.
You feel much better.
You feel very sick.
The hornet stings you but does no damage.
The hornet completely misses you.
You feel better.
The hornet stings you but does no damage.
The hornet closely misses you.
You hit the hornet.
The hornet is severely wounded.
The hornet closely misses you. You furiously retaliate!
You headbutt the hornet. The hornet stings you!
You are poisoned.
You feel as though you will be slow longer.
You hit the hornet.
The hornet is severely wounded.
You feel very sick. The hornet stings you.
You suddenly lose the ability to move!
The hornet stings you!
You feel as though you will be slow longer.
You can move again.
You hit the hornet. Your headbutt misses the hornet.
The hornet is almost dead.
You feel sick. The hornet stings you!
* * * LOW HITPOINT WARNING * * *
You are more poisoned.
You feel as though you will be slow longer.
The hornet barely misses you.
You hit the hornet but do no damage. Your headbutt misses the hornet.
The hornet is almost dead.
You die...

#####..<.......#
#####......#
.#...####...#
...⌠........#
#...#......# #####......#
..#########.....>(..#...
.?.......##..y.......##.#
...#####)##..@.....#.# #
#.#####.)....#........
#.......####...####.#.#
#.#####.# ##### .#.# #.#
# #.# #.# #.# #.#


You could see a hornet.

Vanquished Creatures
  Edmund (D:4)
  Duvessa (D:5)
  An ice beast (D:5)
  2 ogres (D:4)
  8 kobold brigands (Sewer)
  A scorpion (D:5)
  Dowan (D:5)
  A hound (D:3)
  A sleepcap (D:5)
  Natasha (twice) (D:3)
  An orc wizard (D:4)
  Robin (D:3)
  3 gnolls (D:2)
  10 adders
  2 river rats (Sewer)
  A shadow imp (D:5)
  3 worms (Sewer)
  5 dart slugs
  5 orcs
  9 endoplasms
  5 giant cockroaches
  18 goblins
  10 hobgoblins
  2 quokkas
  15 ball pythons
  6 bats
  7 frilled lizards
  8 kobolds
  10 rats
140 creatures vanquished.

Vanquished Creatures (others)
  2 fungi (D:3)
  10 plants
12 creatures vanquished.

Grand Total: 152 creatures vanquished

Notes
Turn   | Place    | Note
-------+----------+-------------------------------------------
     0 | D:1      | Arcadio the Minotaur Monk began the quest for the Orb.
     0 | D:1      | Reached XP level 1. HP: 19/19 MP: 0/0
   120 | D:1      | Reached XP level 2. HP: 24/27 MP: 1/1
   343 | D:1      | Reached XP level 3. HP: 33/33 MP: 2/2
  1008 | D:2      | Reached XP level 4. HP: 41/41 MP: 3/3
  1287 | D:3      | Reached XP level 5. HP: 44/47 MP: 4/4
  1302 | D:3      | Found a faded altar of an unknown god.
  1362 | D:3      | Reached skill level 5 in Fighting
  1383 | D:3      | Reached skill level 5 in Axes
  1443 | D:3      | Noticed Robin
  1466 | D:3      | Killed Robin
  1821 | D:3      | Noticed Natasha
  1827 | D:3      | Killed Natasha
  2018 | D:3      | Noticed Natasha
  2025 | D:3      | Killed Natasha
  2322 | D:4      | Noticed an ogre
  2334 | D:4      | Reached skill level 5 in Dodging
  2348 | D:4      | Killed an ogre
  2349 | D:4      | Reached XP level 6. HP: 57/57 MP: 5/5
  2374 | D:4      | Found a glowing drain.
  2386 | Sewer    | Entered a sewer
  2707 | Sewer    | Reached XP level 7. HP: 51/63 MP: 6/6
  3383 | Sewer    | Reached skill level 1 in Armour
  3524 | Sewer    | Reached XP level 8. HP: 32/73 MP: 7/7
  3680 | D:4      | Found a stormy altar of Qazlal.
  3746 | D:4      | Noticed Edmund
  3761 | D:4      | Killed Edmund
  4051 | D:4      | Found a radiant altar of Vehumet.
  4200 | D:5      | Entered Level 5 of the Dungeon
  4263 | D:5      | Noticed Dowan
  4288 | D:5      | Killed Dowan
  4308 | D:5      | Noticed Duvessa
  4320 | D:5      | Killed Duvessa
  4412 | D:5      | Noticed a hornet
  4416 | D:5      | Paralysed by a hornet for 1 turns
  4421 | D:5      | Paralysed by a hornet for 1 turns
  4428 | D:5      | Paralysed by a hornet for 1 turns
  4430 | D:5      | Succumbed to a hornet's poison

Illustrated notes

Levels and vault maps discovered:
D:1:      lemuel_arrival_lava_pool, layout_rooms, minmay_pentomino_r4
D:2:      layout_basic, lexackson_kobold_supper
D:3:      layout_basic, shapermc_ecumenical_altar_mp_ritualfount, minivault_5,
          chequers_serial_rivers_small_a, uniq_natasha, uniq_robin
D:4:      layout_cave_pools, nicolae_overflow_crystal_walls,
          lemuel_crystal_altar, cheibrodos_sewer_entry_drain,
          grunt_ministairs_15, uniq_edmund
D:5:      layout_loops_ring, mainiacjoe_overflow_cross_hatched,
          mainiacjoe_overflow_large_starburst, minmay_temple_entry_antechambers,
          uniq_ijyb, uniq_duvessa

Skill      XL: |  1  2  3  4  5  6  7  8 |
---------------+-------------------------+-----
Fighting       | 4 5 6 7 8 |  8.3
Axes           | 4 5 6 7 8 |  8.4
Dodging        | 4 5 6 |  6.3
Armour         | 1 4 |  4.2

Action                     |  1- 3 |  4- 6 |  7- 9 || total
---------------------------+-------+-------+-------++-------
  Melee: Hand axe          |    64 |   118 |   172 ||   354
         Headbutt          |     7 |    25 |    39 ||    71
    Use: Scroll            |     3 |     4 |       ||     7
         Potion            |       |       |     7 ||     7
 Armour: Robe              |    13 |       |       ||    13
         Scale mail        |       |    55 |    41 ||    96
  Dodge: Dodged            |    42 |    88 |    91 ||   221
